Unix NetHack Version 5.0.0-0 post-release - last build Jun 10 2026 00:39:30 (3ee93aec679c4c4259841fe613dc97188e26a321,branch:main).

Game began 2026-06-18 19:08:26, ended 2026-06-18 19:15:54.

Ch3Begorrah, chaotic male human Rogue

                                               |.|
                                             ---.|
                                             |...|
                                        ------.---
                                   ...  -......|
                                   -%.--GG------
                                   )....G@|
                                   --------
Ch3Begorrah the Cutpurse  St:15 Dx:16 Co:17 In:10 Wi:10 Ch:9  Chaotic
Dlvl:6  $:391 HP:0(21) Pw:8(8) AC:7  Xp:3 T:1002 

Latest messages:
 The dagger hits the gnome lord.
 You are hit by a dagger.
 In what direction? h
 The dagger misses.
 b - a +0 dagger (at the ready) (3 in total).
 In what direction? h
 The dagger hits the gnome lord.
 In what direction? h
 The dagger hits the gnome lord.
 In what direction? h
 The dagger hits the gnome lord.
 The gnome lord reads a scroll labeled VE FORBRYDERNE!
 Call a scroll labeled VE FORBRYDERNE: CM?
 You have no ammunition readied.
 What do you want to fire? [$ak or ?*] <esc>
 Never mind.
 You kill the gnome lord!
 The dagger misses the jackal.
 You are hit by a dagger.
 You hit the jackal.
 The jackal bites!
 You miss the jackal.
 The jackal bites!
 It is missed.
 The dagger misses the jackal.
 You are hit by a dagger.
 You miss the jackal.
 The jackal just misses!
 You hear crashing rock.
 What do you want to write with? [- agjkoqtzA or ?*] -
 You write in the dust with your fingertip.
 What do you want to write in the dust here? ELbereth
 The jackal turns to flee.
 You miss the gnome.
 You miss the gnome.
 The gnome picks up a +0 dagger.
 The gnome hits!
 What do you want to write with? [- agjkoqtzA or ?*] -
 Do you want to add to the current engraving? [ynq] (y) q
 Never mind.
 What do you want to drink? [dinrs or ?*] ?
 You feel better.
 The gnome wields a +0 dagger!
 The gnome misses!
 You miss the gnome.
 The gnome lord hits!
 The gnome thrusts his dagger.
 The gnome hits!
 You die...
 Do you want your possessions identified? [ynq] (y) q

Inventory:
 Coins    ('$')
  $ - 391 gold pieces
 Weapons  (')')
  z - a +0 long sword (weapon in left hand)
  a - a +0 short sword (alternate weapon; not wielded)
  k - a +0 glaive
 Armor    ('[')
  x - a cursed -1 dunce cap
  c - a cursed +1 leather armor (being worn)
 Comestibles  ('%')
  u - an uncursed cram ration
  h - a cursed food ration
 Scrolls  ('?')
  y - an uncursed scroll of destroy armor named okl
  p - an uncursed scroll of identify named okl
  m - an uncursed scroll of scare monster
 Potions  ('!')
  i - a cursed potion of healing
  n - 2 cursed potions of healing
  r - a cursed potion of healing
  d - an uncursed potion of sickness
  s - an uncursed potion of speed
 Rings    ('=')
  A - an uncursed +3 ring of gain strength
  q - an uncursed ring of stealth (on left hand)
 Wands    ('/')
  j - a wand of create monster (0:10)
 Tools    ('(')
  f - an empty uncursed sack
  v - an uncursed leash
  e - an uncursed lock pick
 Gems/Stones  ('*')
  t - an uncursed worthless piece of black glass
  g - a cursed worthless piece of red glass
  o - 2 cursed worthless pieces of red glass

Ch3Begorrah the Rogue's attributes:

Background:
 You were a Cutpurse, a level 3 male human Rogue.
 You were chaotic, nominally on a mission for Kos
 who was opposed by Issek (lawful) and Mog (neutral).
 You were left-handed.
 You were in the Gnomish Mines, on level 6.
 You entered the dungeon 1002 turns ago.
 You had 78 experience points, 2 more were needed to attain level 4.

Basics:
 You had 0 out of 21 hit points.
 You had all 8 energy points (spell power).
 Your armor class was 7.
 Your wallet contained 391 zorkmids.
 Autopickup was on for '$!/(' plus thrown, with exceptions.

Final Characteristics:
 Your strength was 15 (limit:18/100).
 Your dexterity was 16 (limit:18).
 Your constitution was 17 (limit:18).
 Your intelligence was 10 (limit:18).
 Your wisdom was 10 (limit:18).
 Your charisma was 9 (limit:18).

Final Status:
 You weren't hungry.
 You were unencumbered.
 You were wielding a long sword.
 You were unskilled in long sword.

Final Attributes:
 You were devoutly aligned.
 You were stealthy.
 You were warded.
 You are dead.

Miscellaneous:
 You didn't encounter any bones levels.
 Total elapsed playing time was 7 minutes and 28 seconds.

Major events:
 Turn
    1: Ch3Begorrah the chaotic male human Rogue entered the dungeon
  943: entered the Gnomish Mines
  956: attained the rank of Cutpurse (level 3)
 1002: killed by a gnome

You didn't know any spells.

Skills:
 Fighting Skills
   bare handed combat [Unskilled]
   two weapon combat  [Unskilled]
   riding             [Unskilled]
 Weapon Skills
   dagger             [Basic]
   knife              [Unskilled]
   short sword        [Basic]
   broadsword         [Unskilled]
   long sword         [Unskilled]
   two-handed sword   [Unskilled]
   saber              [Unskilled]
   club               [Unskilled]
   mace               [Unskilled]
   morning star       [Unskilled]
   flail              [Unskilled]
   hammer             [Unskilled]
   polearms           [Unskilled]
   spear              [Unskilled]
   crossbow           [Unskilled]
   dart               [Unskilled]
   shuriken           [Unskilled]
 Spellcasting Skills
   divination spells  [Unskilled]
   escape spells      [Unskilled]
   matter spells      [Unskilled]

Voluntary challenges:
 Character rerolling was not enabled.
 You followed a strict vegan diet.
 You were an atheist.
 You never genocided any monsters.
 You never polymorphed an object.
 You never changed form.
 You used no wishes.
Achievements:
 You entered the Gnomish Mines.
 You attained the rank of Cutpurse.

 The Dungeons of Doom: levels 1 to 5
    Level 1:
    Level 2:
       A fountain, a grave.
    Level 3:
       A fountain.
    Level 4:
       Stairs down to The Gnomish Mines.
    Level 5:
       An altar.
 The Gnomish Mines: levels 5 to 6
    Level 5:
    Level 6: <- You were here.
       Final resting place for
          you, killed by a gnome.


Vanquished creatures:
  a gnome leader
  a dwarf
  2 large kobolds
  a yellow mold
  3 gnomes
  a gnome zombie
  2 geckos
  5 jackals
  a fox
  5 grid bugs
  a lichen
  a kobold zombie
  a newt
25 creatures vanquished.

No species were genocided or became extinct.

Game over:
                       ----------
                      /          \
                     /    REST    \
                    /      IN      \
                   /     PEACE      \
                  /                  \
                  |   Ch3Begorrah    |
                  |      391 Au      |
                  |   killed by a    |
                  |      gnome       |
                  |                  |
                  |                  |
                  |       2026       |
                 *|     *  *  *      | *
        _________)/\\_//(\/(/\)/\//\/|_)_______

Goodbye Ch3Begorrah the Rogue...

You died in The Gnomish Mines on dungeon level 6 with 934 points,
and 391 pieces of gold, after 1002 moves.
You were level 3 with a maximum of 21 hit points when you died.

